 Dungeon Crawl Stone Soup version 0.20-a0-219-g21f8257 (webtiles) character file.

329 MackTheKnife the Slasher (level 6, -3/41 HPs)
             Began as a High Elf Gladiator on Nov 23, 2016.
             Killed from afar by a white imp (10 damage)
             ... with a puff of frost
             ... summoned by Eustachio
             ... on level 5 of the Dungeon on Nov 29, 2016.
             The game lasted 00:05:51 (4757 turns).

MackTheKnife the Slasher (High Elf Gladiator)       Turns: 4757, Time: 00:05:51

Health: -3/41      AC: 13    Str: 14    XL:     6   Next: 25%
Magic:  7/7        EV: 14    Int: 11    God:
Gold:   186        SH:  0    Dex: 19    Spells: 5/5 levels left

rFire  . . .     SeeInvis .     i - +1 long sword (protect)
rCold  . . .     Gourm    .     b - +0 leather armour
rNeg   + . .     Faith    .     (no shield)
rPois  .         Spirit   .     c - +1 helmet
rElec  .         Reflect  .     (no cloak)
rCorr  .         Harm     .     l - +0 pair of gloves
MR     .....                    (no boots)
Stlth  +.........               (no amulet)
                                (no ring)
                                o - ring of positive energy {rN+}

@: protection aura
A: no striking features
a: no special abilities


You were on level 5 of the Dungeon.
You were not hungry.

You visited 1 branch of the dungeon, and saw 5 of its levels.

You collected 186 gold pieces.

Inventory:

Hand Weapons
 i - a +1 long sword of protection (weapon)
   (You found it on level 4 of the Dungeon)
Missiles
 d - 3 throwing nets {=f, !d}
Armour
 b - a +0 leather armour (worn)
 c - a +1 helmet (worn)
 l - a +0 pair of gloves (worn)
   (You found it on level 3 of the Dungeon)
Jewellery
 o - a ring of positive energy (left hand) {rN+}
   (You found it on level 2 of the Dungeon)
Wands
 h - a wand of teleportation (4/9)
   (You found it on level 4 of the Dungeon)
 t - a wand of lightning (12/15)
   (You found it on level 4 of the Dungeon)
Scrolls
 a - a scroll of recharging
 j - 2 scrolls of teleportation
 k - a scroll of remove curse
 m - a scroll of identify
Potions
 e - a potion of lignification {unknown}
Comestibles
 f - 4 bread rations {@e1}
 g - a chunk of flesh {@w0}
 n - 3 slices of pizza
 r - a fruit


   Skills:
 + Level 2.8 Fighting
 + Level 7.7 Long Blades
 - Level 2.0 Throwing
 + Level 4.0 Dodging


You had 5 spell levels left.
You didn't know any spells.

Dungeon Overview and Level Annotations

Branches:
Dungeon (5/15)
 Temple: D:4-7

Altars:
Xom

Shops:
D:5 [=

Annotations:
D:3 yrara's ghost, amateur GrFi
D:5 Eustachio


Message History

The frilled lizard bites you but does no damage.
You barely miss the frilled lizard. The frilled lizard barely misses you.
You hit the frilled lizard.
Your weapon exudes an aura of protection.
You kill the frilled lizard!
No target in view!
No target in view!
Found a stone staircase leading down.
You regained 2 hp, and now have 34/41 hp.
Found a stone staircase leading down.
You found a shaft!
You now have 186 gold pieces (gained 8).
A leopard gecko zombie comes into view.
You regained 2 hp, and now have 37/41 hp.
A leopard gecko zombie is nearby!
Eustachio the Magnificent comes into view.
He is wielding a falchion.
The leopard gecko zombie bites you but does no damage.
Eustachio shouts!
You hit the leopard gecko zombie.
Your weapon exudes an aura of protection.
The leopard gecko zombie misses you.
You riposte.
You hit the leopard gecko zombie but do no damage.
Eustachio screams, "At last I'll have my revenge!"
Eustachio mumbles some strange words.
You slash the leopard gecko zombie!
You destroy the leopard gecko zombie!
Eustachio gestures wildly while chanting.
You hit the white imp.
Eustachio yells, "Perjured traitor, DIE!"
The white imp hits you but does no damage.
You barely miss the white imp. The ufetubus barely misses you.
The ufetubus closely misses you. The white imp gestures at you.
The puff of frost hits you! The ufetubus closely misses you.
The ufetubus completely misses you. The white imp misses you.
You take 5 damage, and have 33/41 hp.
You closely miss Eustachio.
The crimson imp disappears in a puff of smoke!
The ufetubus hits you but does no damage.
The ufetubus closely misses you. Eustachio misses you.
The white imp barely misses you.
You barely miss Eustachio.
The ufetubus hits you but does no damage.
The ufetubus misses you. Eustachio hits you but does no damage.
The ufetubus hits you but does no damage.
The ufetubus closely misses you. The white imp hits you.
The white imp freezes you.
You take 6 damage, and have 27/41 hp.
You slash Eustachio! The ufetubus misses you.
The ufetubus hits you but does no damage.
Eustachio misses you.
You riposte.
You barely miss Eustachio. The white imp gestures at you.
The puff of frost hits you!
You barely miss Eustachio. The ufetubus closely misses you.
You riposte.
You hit the ufetubus. The ufetubus misses you.
The ufetubus hits you but does no damage.
The ufetubus closely misses you. Eustachio hits you with a falchion.
The white imp closely misses you.
You take 1 damage, and have 26/41 hp.
You closely miss Eustachio. The ufetubus hits you.
The ufetubus barely misses you.
Eustachio says, "Summoning is fun!"
Eustachio barely misses you.
You riposte.
You slash Eustachio! The white imp gestures at you. The puff of frost hits you!
You take 2 damage, and have 24/41 hp.
You barely miss Eustachio. The ufetubus closely misses you.
You riposte.
You slash the ufetubus!
You kill the ufetubus!
The white imp gestures at you. The puff of frost hits you!
Eustachio closely misses you.
You take 5 damage, and have 19/41 hp.
You slash Eustachio! The white imp gestures at you.
The puff of frost misses you. The white imp hits you.
The white imp freezes you. Eustachio closely misses you.
You take 6 damage, and have 13/41 hp.
You hit Eustachio. The white imp closely misses you.
You riposte.
You slash the white imp! The white imp completely misses you.
You riposte.
You hit the white imp.
Eustachio casts a spell.
Eustachio blinks!
You slash the white imp!
You kill the white imp!
The white imp barely misses you.
You hit the white imp but do no damage. The white imp gestures at you.
The puff of frost hits you!
* * * LOW HITPOINT WARNING * * *
Eustachio mumbles some strange words.
Eustachio blinks!
You take 7 damage, and have 6/41 hp.
Unknown command.
The white imp gestures at you. The puff of frost hits you!
Eustachio casts a spell.
Eustachio blinks!
The white imp gestures at you. The puff of frost hits you!
You die...

.....## ...#...#
#....####..^..###
#...............##
###....>#...#......#
..#####........#####
≈..# ##.#####.##
≈≈.# #.#####..##
...# ###.##......##
≈≈## #...##.##.#@.#
≈## ##.#### #.##.###
.# #..#
#.##..5########
.####.##
#.####....§....
.##...#### #..
##!.......
.........# #$
##.......
...#####...> .......
#.## #.. .......
...# # #######


You could see a white imp.

Vanquished Creatures
  A howler monkey (D:5)
  A hound (D:4)
  2 iguanas (D:4)
  A hound skeleton (D:4)
  4 gnolls (D:5)
  3 adders
  2 shadow imps
  2 adder skeletons
  3 worms (D:2)
  3 dart slugs
  5 leopard geckos
  5 orcs
  2 ball pythons
  7 bats
  6 giant cockroaches
  5 goblins
  11 hobgoblins
  7 jackals
  2 kobolds
  3 quokkas
  2 frilled lizards
  A leopard gecko zombie (D:5)
  A quokka skeleton (D:4)
  7 rats
86 creatures vanquished.

Notes
Turn   | Place    | Note
-------+----------+-------------------------------------------
     0 | D:1      | MackTheKnife the High Elf Gladiator began the quest for the Orb.
     0 | D:1      | Reached XP level 1. HP: 14/14 MP: 2/2
    47 | D:1      | Reached skill level 4 in Long Blades
   323 | D:1      | Reached XP level 2. HP: 16/19 MP: 3/3
   825 | D:1      | Reached skill level 5 in Long Blades
   862 | D:1      | Reached XP level 3. HP: 20/24 MP: 4/4
  1234 | D:2      | HP: 6/24 [worm (6)]
  1241 | D:2      | HP: 3/24 [worm (4)]
  1247 | D:2      | HP: 2/24 [bat (1)]
  2004 | D:2      | HP: 6/24 [poisoned by an adder]
  2190 | D:2      | Reached XP level 4. HP: 24/29 MP: 5/5
  2226 | D:2      | Reached skill level 6 in Long Blades
  2672 | D:3      | Noticed yrara's ghost (amateur GrFi)
  2754 | D:2      | Upgraded the game from 0.20-a0-181-g08e0bf9 to 0.20-a0-219-g21f8257
  2992 | D:3      | Found a shimmering altar of Xom.
  3573 | D:4      | HP: 7/29 [iguana (4)]
  3576 | D:4      | Reached skill level 7 in Long Blades
  3576 | D:4      | Reached XP level 5. HP: 9/34 MP: 6/6
  4594 | D:5      | Entered Level 5 of the Dungeon
  4594 | D:5      | Found Ysecoxt's Armour Shop.
  4605 | D:5      | Found Noerphusch's Jewellery Shoppe.
  4627 | D:5      | Reached XP level 6. HP: 40/41 MP: 7/7
  4651 | D:5      | Reached skill level 4 in Dodging
  4738 | D:5      | Noticed Eustachio
  4754 | D:5      | HP: 6/41 [white imp/puff of frost[Eustachio] (7)]
  4757 | D:5      | Killed from afar by a white imp

Vault maps used:
D:1:      dpeg_arrival_connections
D:2:      first_bread
D:3:      grunt_decor_fettered, tgw_xom
D:4:      minmay_strange_pillars
D:5:      nicolae_gozag_seed_capital, serial_shops, nicolae_shop_stone, shop,
          shop, nicolae_shop_waterfront, shop, uniq_prince_ribbit1, uniq_pikel,
          uniq_crazy_yiuf_cottage, uniq_eustachio

Skill      XL: |  1  2  3  4  5  6 |
---------------+-------------------+-----
Long Blades    | 4 5 7 |  7.7
Dodging        | 4 |  4.0
Fighting       | |  2.8
Throwing       | |  2.0

Action                   |  1- 3 |  4- 6 || total
-------------------------+-------+-------++-------
Melee: Long sword        |   124 |   149 ||   273
  Use: Scroll            |       |     9 ||     9
       Potion            |       |     3 ||     3
 Stab: Sleeping          |     1 |     3 ||     4
       Invisible         |       |     2 ||     2
  Eat: Chunk             |     1 |    10 ||    11
       Beef jerky        |     1 |       ||     1
Armor: Leather armour    |    45 |    46 ||    91
Dodge: Dodged            |    91 |   132 ||   223
       Rpst.: Long sword |    32 |    43 ||    75

Vault maps used:
D:1:      dpeg_arrival_connections
D:2:      first_bread
D:3:      grunt_decor_fettered, tgw_xom
D:4:      minmay_strange_pillars
D:5:      nicolae_gozag_seed_capital, serial_shops, nicolae_shop_stone, shop,
          shop, nicolae_shop_waterfront, shop, uniq_prince_ribbit1, uniq_pikel,
          uniq_crazy_yiuf_cottage, uniq_eustachio

Table legend:
 A = Turns spent in this place as a percentage of turns spent in the entire game.
 B = Non-inter-level travel turns spent in this place as a percentage of non-inter-level travel turns spent in the entire game.
 C = Inter-level travel turns spent in this place as a percentage of turns spent in this place.
 D = Turns resting spent in this place as a percentage of non-inter-level travel turns spent in this place.
 E = Turns spent auto-exploring this place as a percentage of non-inter-level travel turns spent in this place.
 F = Non-inter-level travel turns spent in this place divided by the number of levels of this place that you've seen.
                   A       B       C       D       E      F
               +-------+-------+-------+-------+-------+----------------------
         Total | 100.0 | 100.0 |   0.5 |   3.5 |  10.5 | 208.6
       Dungeon | 100.0 | 100.0 |   0.5 |   3.5 |  10.5 | 208.6
               +-------+-------+-------+-------+-------+----------------------

Table legend:
 A = Kills in this place as a percentage of kills in entire the game.
 B = Kills by you in this place as a percentage of kills by you in the entire game.
 C = Kills by friends in this place as a percentage of kills by friends in the entire game.
 D = Other kills in this place as a percentage of other kills in the entire game.
 E = Experience gained in this place as a percentage of experience gained in the entire game.
 F = Experience gained in this place divided by the number of levels of this place that you have seen.
                   A       B       C       D       E      F
               +-------+-------+-------+-------+-------+----------------------
         Total | 100.0 | 100.0 |  -nan |  -nan | 100.0 |  94.0
       Dungeon | 100.0 | 100.0 |  -nan |  -nan | 100.0 |  94.0
               +-------+-------+-------+-------+-------+----------------------
